 Dungeon Crawl Stone Soup version 0.31-a0-152-g6aa68a64a1 (webtiles) character file.

Game seed: 3820603848352901615

13856 rapeowns the Martial Artist (level 11, -2/84 HPs)
             Began as a Demonspawn Monk on June 10, 2023.
             Was a Follower of Ashenzari.
             Slain by a blink frog (10 damage)
             ... on level 11 of the Dungeon.
             The game lasted 00:27:16 (10174 turns).

rapeowns the Martial Artist (Demonspawn Monk)      Turns: 10174, Time: 00:27:16

Health: -2/84      AC: 19    Str: 15    XL:     11   Next: 81%
Magic:  11/11      EV: 14    Int: 13    God:    Ashenzari [*.....]
Gold:   680        SH:  0    Dex: 17    Spells: 10/10 levels left

rFire   . .          .
                       - Unarmed
rCold   . . .        s - +0 buckler
rNeg    . . .        f - +2 ring mail of Dogmatism {rPois Will+ Dex-4 SInv}
rPois   +            m - +0 helmet
rElec   .            q - +0 cloak
rCorr   .            g - +0 pair of gloves
SInv    +            (no boots)
Will    +....        u - amulet of the Stellar Oracle {Regen+, Fort, Melee} (curse)
Stlth   +            k - +6 ring of dexterity
HPRegen 1.14/turn    t - ring "Tethered Entitlement" {rPois, Cun, Evo} (curse)
MPRegen 0.12/turn

%: no passive effects
@: confused, ambrosia-drunk, sanguine armoured
A: hooves 1, demonic guardian 2, sanguine armour 1, condensation shield
a: Renounce Religion, Curse Item, Shatter the Chains


You were on level 11 of the Dungeon.
You worshipped Ashenzari.
Ashenzari was aware of your devotion.
You visited 3 branches of the dungeon, and saw 13 of its levels.
You also visited: Ossuary and Bailey.

You collected 738 gold pieces.
You spent 58 gold pieces at shops.

Inventory:

Missiles
 n - a throwing net
Armour
 f - the +2 ring mail of Dogmatism (worn) {rPois Will+ Dex-4 SInv}
   (You found it in a bailey)

   Dex:       It affects your dexterity (-4).
   rPois:     It protects you from poison.
   SInv:      It lets you see invisible.
   Will:      It increases your willpower.
 g - a +0 pair of gloves (worn)
 m - a +0 helmet (worn)
 q - a +0 cloak (worn)
 s - a +0 buckler (worn)
Jewellery
 k - a +6 ring of dexterity (left hand)
 t - the cursed ring "Tethered Entitlement" (right hand) {rPois, Cun, Evo}
   (You found it on level 6 of the Dungeon)

   [ring of poison resistance]

   rPois:     It protects you from poison.
   It has a curse which improves the following skills: Cunning: Dodging and
   Stealth.
   Evocations: Evocations.
 u - the cursed amulet of the Stellar Oracle (around neck) {Regen+, Fort, Melee}
   (You found it on level 6 of the Dungeon)

   [amulet of regeneration]

   Regen:     It increases your rate of health regeneration.
   It has a curse which improves the following skills: Fortitude: Armour and
   Shields.
   Melee Combat: Short Blades, Long Blades, Axes, Maces & Flails, Polearms,
   Staves and Unarmed Combat.
 x - a ring of resist corrosion
 y - a +6 ring of dexterity
Wands
 a - a wand of polymorph (4)
Scrolls
 c - 3 scrolls of enchant armour
 e - 6 scrolls of butterflies
 h - a scroll of fear
 i - 2 scrolls of amnesia
 j - 2 scrolls of enchant weapon
 r - 2 scrolls of immolation
 A - a scroll of magic mapping
 B - a scroll of vulnerability
Potions
 b - 4 potions of resistance
 d - 5 potions of curing
 l - a potion of haste
 o - 5 potions of attraction
 p - 6 potions of mutation
 v - a potion of ambrosia
 w - a potion of invisibility
 z - 2 potions of cancellation


   Skills:
 + Level 7.3 Fighting
 - Level 7.8(8.7) Armour
 - Level 6.2(7.0) Dodging
 + Level 2.6(3.3) Stealth
 - Level 5.1(5.9) Shields
 + Level 12.2(13.0) Unarmed Combat
 - Level 2.1(2.8) Evocations


You had 10 spell levels left.
You didn't know any spells.
Your spell library contained the following spells:

 Spells                   Type           Power      Damage    Failure   Level
 Necrotise                Necr           0%         1d4       56%         1
 Sublimation of Blood     Necr           0%         N/A       71%         2
 Wereblood                Tmut           0%         N/A       71%         2
 Summon Guardian Golem    Hex/Summ       0%         N/A       90%         3
 Vampiric Draining        Necr           0%         2d6       90%         3
 Agony                    Necr           0%         N/A       100%        5
 Orb of Destruction       Conj           0%         9d5       100%        7
 Spellforged Servitor     Conj/Summ      0%         N/A       100%        7
 Summon Hydra             Summ           0%         N/A       100%        7


Dungeon Overview and Level Annotations

Branches:
Dungeon (11/15)            Temple (1/1) D:5            Lair (1/5) D:11
Ossuary (visited)          Bailey (visited)
    Orc: D:9-12

Altars:
Ashenzari
Cheibriados
Dithmenos
Fedhas
Gozag
Hepliaklqana
Kikubaaqudgha
Makhleb
Nemelex Xobeh
Okawaru
Qazlal
Ru
Sif Muna
Trog
Uskayaw
Vehumet
Wu Jian
Xom
Yredelemnul

Shops:
D:3 [   D:5 (   D:11 :

Portals:
Trove: D:11 (give 15 potions of curing)

Annotations:
D:3 Grinder
D:5 exclusion: statue


Innate Abilities, Weirdness & Mutations

You have large cloven feet.
A demonic guardian rushes to your aid.
When seriously injured, your blood forms armour. (AC +6)
A meltable shield of frost defends you. (SH +4)


Message History

The blink frog closely misses you. x2; You block the komodo dragon's attack.
The blink frog closely misses you. The blink frog hits you!
The komodo dragon bites you!!
Your blood congeals into armour.
There is a staircase back to the Dungeon, spattered with blood here.
Unknown command.
You block the blink frog's attack. The blink frog hits you!
The blink frog blinks!
You block the komodo dragon's attack.
You climb upwards.
Welcome back to the Dungeon!
There is a staircase to the Lair here.
Okay, then.
Okay, then.
You punch the komodo dragon!
The komodo dragon is moderately wounded.
The blink frog hits you! You block the blink frog's attack.
You pummel the komodo dragon!!
The komodo dragon is severely wounded.
The komodo dragon misses you. You block the blink frog's attack.
You punch the komodo dragon! Your kick misses the komodo dragon.
The komodo dragon is almost dead.
The komodo dragon bites you. You block the blink frog's attack.
You barely miss the komodo dragon. Your kick misses the komodo dragon.
The komodo dragon is almost dead.
You block the blink frog's attack. You block the komodo dragon's attack.
You barely miss the komodo dragon. Your kick misses the komodo dragon.
The komodo dragon is almost dead.
The blink frog hits you!
* * * LOW HITPOINT WARNING * * *
The komodo dragon bites you!
* * * LOW HITPOINT WARNING * * *
A demonic guardian appears!
You closely miss the komodo dragon. Your kick misses the komodo dragon.
The komodo dragon is almost dead.
The blink frog hits you.
* * * LOW HITPOINT WARNING * * *
Unknown command.
Unknown command.
Unknown command.
You are confused.
You feel invigorated. The blink frog hits you!
You die...

#.#.## ##.#........## #.#####.
.....#####............####.....).
........#........#......########)
........................~# #.
............#.#...###....## #.
..#.###......###.#.##.....######.
###.##......##....4##............
#.##~...#..#...l.#......~####..
#.###.........@†....~....# #.#
#.# #......#..F.....#...## #.#
#.###.....###...###......# #.#
#....#.....###..#.......#####.#
######....#.#...#.#............
#..................#.####..
#.##.....##......#.#.####..
#####..........................
#.......#.#.......#.#.##.####..


You could see a komodo dragon (ally target), a blink frog and a friendly rust
devil (summoned).

Vanquished Creatures
  A vampire mage (D:11)
  A fire crab (D:11)
  An orc knight (Bailey)
  A cyclops (D:11)
  An unseen horror (D:11)
  A gargoyle (D:11)
  A rime drake (D:11)
  3 kobold demonologists (D:11)
  A hornet (D:9)
  A shadow (D:11)
  7 vampires (D:11)
  2 wyverns
  10 yaks
  A steam dragon (D:8)
  An acid dragon (D:9)
  4 water moccasins
  5 ice beasts
  Duvessa (D:5)
  7 orc warriors
  A black bear (D:5)
  A sky beast (D:6)
  2 wolves (D:11)
  2 ogres
  6 centaurs
  5 phantoms
  3 bullfrogs
  2 elf zombies (Ossuary)
  2 scorpions
  4 wights (D:7)
  26 killer bees
  2 electric eels (Lair:1)
  3 hounds
  3 orc priests
  5 jellies
  2 gnoll boudas
  3 human zombies (Ossuary)
  2 iguanas
  A sleepcap (D:7)
  7 orc wizards
  2 mummies (Ossuary)
  8 gnolls
  5 adders
  A shadow imp (D:7)
  A white imp (D:7)
  An ufetubus (D:5)
  4 dart slugs
  41 orcs
  2 bats
  2 endoplasms (D:4)
  5 giant cockroaches
  4 hobgoblins
  2 jackals (D:1)
  A quokka (D:1)
  4 ball pythons
  4 frilled lizards
  5 goblins
  A goblin zombie (Ossuary)
  10 hobgoblin zombies (Ossuary)
  3 jackal zombies (Ossuary)
  12 kobolds
  8 kobold zombies (Ossuary)
  8 orc zombies (Ossuary)
  2 rats (D:1)
  2 rat zombies (Ossuary)
270 creatures vanquished.

Vanquished Creatures (collateral kills)
  A cyclops (D:7)
  A deep elf pyromancer (Bailey)
  A troll (D:11)
  A wolf (D:11)
  Dowan (D:5)
5 creatures vanquished.

Grand Total: 275 creatures vanquished

Notes
Turn   | Place    | Note
-------+----------+-------------------------------------------
     0 | D:1      | rapeowns the Demonspawn Monk began the quest for the Orb.
     0 | D:1      | Reached XP level 1. HP: 18/18 MP: 1/1
   155 | D:1      | Gained mutation: You have large cloven feet. [demonic
                  | ancestry]
   155 | D:1      | Reached XP level 2. HP: 24/24 MP: 2/2
   325 | D:1      | Reached skill level 3 in Unarmed Combat
   339 | D:1      | Found Zenon's Book Boutique.
   687 | D:2      | Gained mutation: When seriously injured, your blood forms
                  | armour. (AC +6) [demonic ancestry]
   687 | D:2      | Reached XP level 3. HP: 22/29 MP: 3/3
  1445 | D:3      | Found Konitor's Armour Boutique.
  1453 | D:3      | Bought a +0 cloak for 58 gold pieces
  1591 | D:3      | Noticed Grinder
  1624 | D:4      | Noticed a phantom
  1643 | D:4      | Killed a phantom
  1644 | D:4      | Gained mutation: A weak demonic guardian rushes to your
                  | aid. [demonic ancestry]
  1644 | D:4      | Reached XP level 4. HP: 28/37 MP: 4/4
  1709 | D:4      | Noticed a scorpion
  1713 | D:4      | a scorpion changed into a centaur
  1713 | D:4      | Noticed a centaur
  1720 | D:4      | Killed a centaur
  1721 | D:4      | Reached skill level 4 in Unarmed Combat
  1721 | D:4      | Gained mutation: A meltable shield of frost defends you.
                  | (SH +4) [demonic ancestry]
  1721 | D:4      | Reached XP level 5. HP: 35/43 MP: 5/5
  1775 | D:4      | HP: 2/43 [poisoned by a scorpion]
  1780 | D:4      | Reached XP level 6. HP: 24/49 MP: 6/6
  1851 | D:4      | Found a sand-covered staircase.
  1910 | Ossuary  | Entered an ossuary
  2095 | Ossuary  | Reached skill level 5 in Fighting
  2116 | Ossuary  | Reached XP level 7. HP: 19/56 MP: 7/7
  2754 | D:5      | Entered Level 5 of the Dungeon
  2754 | D:5      | Found Jomateir's Weapon Boutique.
  2783 | D:5      | Reached skill level 5 in Dodging
  2783 | D:5      | Reached skill level 5 in Unarmed Combat
  3441 | D:5      | Noticed Dowan
  3442 | D:5      | Noticed Duvessa
  3470 | D:5      | Killed Duvessa
  3471 | D:5      | Reached XP level 8. HP: 43/60 MP: 8/8
  3477 | D:5      | Killed Dowan
  3766 | D:5      | Found a radiant altar of Vehumet.
  3779 | D:5      | Found a staircase to the Ecumenical Temple.
  3793 | Temple   | Entered the Ecumenical Temple
  3901 | Temple   | Became a worshipper of Ashenzari the Shackled
  4169 | D:6      | Reached skill level 6 in Unarmed Combat
  4364 | D:6      | Found a shimmering altar of Xom.
  4543 | D:6      | Reached skill level 1 in Shields
  5236 | D:7      | Noticed a cyclops
  5259 | D:7      | Killed a cyclops
  5260 | D:7      | Reached skill level 7 in Unarmed Combat
  5260 | D:7      | Reached XP level 9. HP: 27/72 MP: 9/9
  5409 | D:7      | Found a sparkling altar of Nemelex Xobeh.
  5991 | D:7      | Reached skill level 8 in Unarmed Combat
  6184 | D:7      | Reached skill level 1 in Stealth
  6438 | D:8      | Reached skill level 5 in Shields
  6444 | D:8      | Reached skill level 1 in Evocations
  6751 | D:8      | Identified the +5 chain mail of the Blue Moon {+Blink
                  | Dex+4}
  6872 | D:8      | Reached skill level 9 in Unarmed Combat
  7027 | D:8      | Reached XP level 10. HP: 77/79 MP: 10/10
  7159 | D:8      | Reached * piety under Ashenzari
  7224 | D:9      | Reached skill level 1 in Armour
  7288 | D:9      | Found an ornate altar of the Wu Jian Council.
  7351 | D:9      | Found a flagged portal.
  7362 | Bailey   | Entered a bailey
  7449 | Bailey   | Found a large runed translucent door.
  7449 | Bailey   | Found a large runed translucent door.
  7475 | Bailey   | Noticed a deep elf pyromancer
  7477 | Bailey   | Identified the +2 ring mail of Dogmatism {rPois Will+ Dex-4
                  | SInv}
  7483 | Bailey   | Identified the +3 leather armour of a treasure trove {Str+2
                  | Dex+5}
  7484 | Bailey   | Noticed an orc knight
  7496 | Bailey   | Killed an orc knight
  7506 | Bailey   | Killed a deep elf pyromancer
  7507 | Bailey   | Reached skill level 10 in Unarmed Combat
  7624 | D:9      | You fall into a shaft and drop 1 floor!
  7624 | D:10     | Entered Level 10 of the Dungeon
  8101 | D:9      | Found a bloodstained altar of Trog.
  8166 | D:9      | Reached skill level 5 in Armour
  8337 | D:9      | Gained mutation: A demonic guardian rushes to your aid.
                  | [demonic ancestry]
  8337 | D:9      | Reached XP level 11. HP: 84/84 MP: 11/11
  8732 | D:11     | Reached skill level 11 in Unarmed Combat
  8831 | D:11     | Noticed a two-headed ogre
  8833 | D:11     | a two-headed ogre changed into a steelbarb worm
  8833 | D:11     | Noticed a steelbarb worm
  8834 | D:11     | a steelbarb worm changed into a fire crab
  8834 | D:11     | Noticed a fire crab
  8846 | D:11     | Killed a fire crab
  8947 | D:11     | Found a portal to a secret trove of treasure.
  9094 | D:11     | Found Geytat's Book Boutique.
  9181 | D:11     | Noticed a sun demon
  9194 | D:11     | Found a staircase to the Lair.
  9496 | D:11     | Noticed a sixfirhy
  9626 | D:11     | Reached skill level 12 in Unarmed Combat
  9754 | D:11     | Found a shadowy altar of Dithmenos.
  9754 | D:11     | Noticed a vampire mage
  9782 | D:11     | Killed a vampire mage
 10081 | Lair:1   | Entered Level 1 of the Lair of Beasts
 10173 | D:11     | HP: 2/84 [blink frog (6)]
 10174 | D:11     | Slain by a blink frog

Illustrated notes

Levels and vault maps discovered:
D:1:      ebering_hopf_link, layout_loops_corners, serial_shops,
          nicolae_book_shop_shelving
D:2:      layout_loops_ring
D:3:      layout_basic, serial_shops, nicolae_diamond_shop, roderic_lattice_a,
          minmay_misc_feat_four_crosses, uniq_grinder
D:4:      layout_rooms, nicolae_ossuary_entry_false_entrances
D:5:      layout_rooms, vehumet_statue, minmay_temple_entry_large_hall,
          serial_shops, shop, uniq_duvessa
D:6:      layout_loops_ring, mainiacjoe_overflow_six_doors_small,
          lemuel_tele_altar
D:7:      layout_loops_ring, nicolae_overflow_crystal_walls,
          minmay_quadrilaterals
D:8:      nicolae_hitomezashi [nicolae_hito_row, nicolae_hito_row,
          nicolae_hito_row, nicolae_hito_row, nicolae_hito_row,
          nicolae_hito_row, nicolae_hito_row, nicolae_hito_row,
          nicolae_hito_row, nicolae_hito_row, nicolae_hito_row,
          nicolae_hito_row, nicolae_hito_row, nicolae_hito_row,
          nicolae_hito_row, nicolae_hito_row, nicolae_hito_row,
          nicolae_hito_row], layout_loops_ring, special_room [special_room_orc]
D:9:      layout_basic, mainiacjoe_overflow_alcove_1,
          mainiacjoe_overflow_brackets, enter_bailey_2,
          nicolae_concentric_dashed_squares_wild
D:10:     layout_rooms, ebering_ghost_gozag, hangedman_abyss_or_decor_slice
D:11:     layout_loops_ring, hellmonk_lair_entry_icy, trove_entry_hex_spiral,
          serial_shops, shop, nicolae_nh_vlads_tower
Temple:   kb_temple_of_zot
Lair:1:   layout_gridlike, minivault_24, chequers_serial_rivers_micro_e,
          serial_bayou_lake_a, infiniplex_staircase_pool, uniq_erica,
          uniq_maggie

Skill      XL: |  1  2  3  4  5  6  7  8  9 10 11 |
---------------+----------------------------------+-----
Dodging        | 3 4 5 6 |  6.2
Unarmed Combat | 3 4 5 7 9 10 12 | 12.2
Fighting       | 4 5 6 7 |  7.3
Shields        | 3 5 |  5.1
Stealth        | 1 2 |  2.6
Evocations     | 1 2 |  2.1
Armour         | 5 7 |  7.8

Action                     |  1- 3 |  4- 6 |  7- 9 | 10-12 || total
---------------------------+-------+-------+-------+-------++-------
  Melee: Unarmed           |   132 |   143 |   486 |   558 ||  1319
         Kick              |    28 |    63 |   183 |   178 ||   452
 Invoke: Curse Item        |       |       |     1 |     1 ||     2
  Evoke: Wand              |       |     3 |     2 |     3 ||     8
    Use: Scroll            |     6 |       |       |     1 ||     7
         Potion            |       |     3 |     3 |     9 ||    15
   Stab: Distracted        |       |       |     2 |     1 ||     3
         Sleeping          |       |       |     1 |       ||     1
 Armour: Robe              |     9 |       |       |       ||     9
         Ring mail         |    21 |    42 |    88 |   157 ||   308
         Skin              |       |    10 |       |       ||    10
  Dodge: Dodged            |    72 |    76 |   223 |   299 ||   670
  Block: Orb               |       |    27 |    28 |       ||    55
         Buckler           |       |       |   123 |   241 ||   364

Table legend: (Time is in decaauts)
 A = Elapsed time spent in this place.
 B = Non-inter-level travel time spent in this place.
 C = Inter-level travel time spent in this place.
 D = Time resting spent in this place.
 E = Time spent auto-exploring this place.
 F = Levels seen in this place.
 G = Mean time per level.
                   A        B        C        D        E       F      G
               +--------+--------+--------+--------+--------+-----+--------+
         Total |   9940 |   9603 |    337 |    323 |   6681 |  15 |  662.7 |
       Dungeon |   9025 |   8704 |    321 |    289 |   6414 |  11 |  820.5 |
        Temple |    125 |    109 |     16 |      0 |     60 |   1 |  125.0 |
          Lair |     22 |     22 |      0 |      0 |      0 |   1 |   22.0 |
       Ossuary |    533 |    533 |      0 |     34 |    207 |   1 |  533.0 |
        Bailey |    233 |    233 |      0 |      0 |      0 |   1 |  233.0 |
               +--------+--------+--------+--------+--------+-----+--------+

Top non-repeatable levels by time:
    D:11: 1411 daAuts
     D:7: 1243 daAuts
     D:5: 1034 daAuts
     D:6: 996 daAuts
     D:9: 987 daAuts
     D:4: 815 daAuts
     D:2: 724 daAuts
     D:8: 706 daAuts
     D:1: 679 daAuts
 Ossuary: 533 daAuts
  Bailey: 233 daAuts
    D:10: 215 daAuts
     D:3: 211 daAuts
  Temple: 125 daAuts
  Lair:1: 22 daAuts
